 Dungeon Crawl Stone Soup version 0.24.0-13-gcf9b319 (webtiles) character file.

Game seed: 11028204958147281037, levelgen mode: deterministic

3820 Eglamore the Spear-Bearer (level 9, -4/78 (79) HPs)
             Began as a Minotaur Fighter on Dec 23, 2019.
             Was a Priest of Okawaru.
             Slain by a hornet (13 damage)
             ... while paralysed by a hornet
             ... on level 8 of the Dungeon.
             The game lasted 00:22:53 (7281 turns).

Eglamore the Spear-Bearer (Minotaur Fighter)        Turns: 7281, Time: 00:22:53

HP:   -4/78 (79)    AC: 12    Str: 24    XL:     9   Next: 97%
MP:   8/8           EV:  2    Int:  5    God:    Okawaru [***...]
Gold: 529           SH:  0    Dex: 10    Spells: 8/8 levels left

rFire    x . .     SeeInvis .   o - +2 spear (flame)
rCold    + . .     Gourm    .   c - +0 shield
rNeg     + . .     Faith    .   y - +0 ring mail (curse)
rPois    .         Spirit   .   (helmet restricted)
rElec    .         Reflect  .   r - +0 cloak
rCorr    +         Harm     .   j - +0 pair of gloves
MR       .....                  J - +2 pair of boots "Maemimp" {rCorr}
Stlth    ..........             (no amulet)
HPRegen  0.23/turn              a - ring of positive energy
MPRegen  0.11/turn              v - ring of ice

@: paralysed, lethally poisoned (-4 -> -9), slowed
A: retaliatory headbutt, horns 2
a: Heroism, Renounce Religion


You were on level 8 of the Dungeon.
You worshipped Okawaru.
Okawaru was most pleased with you.
You were not hungry.

You visited 2 branches of the dungeon, and saw 9 of its levels.
You also visited: Sewer.

You collected 529 gold pieces.

Inventory:

Hand Weapons
 o - a +2 spear of flaming (weapon)
Armour
 c - a +0 shield (worn)
 j - a +0 pair of gloves (worn)
 r - a +0 cloak (worn)
 y - a cursed +0 ring mail (worn)
 J - the +2 pair of boots "Maemimp" (worn) {rCorr}
   (You found it on level 8 of the Dungeon)

   It provides partial protection from all sources of acid and corrosion.
Magical Staves
 D - an uncursed staff of air
Jewellery
 a - a ring of positive energy (left hand)
 i - an uncursed ring of protection from cold
 l - an uncursed ring of stealth
 v - a ring of ice (right hand)
Wands
 q - a wand of random effects (19)
 A - a wand of polymorph (10)
 G - a wand of acid (12)
Scrolls
 n - 2 scrolls of teleportation {unknown}
 s - a scroll of enchant weapon
 u - a scroll of summoning {unknown}
 x - 2 scrolls of fear {unknown}
 z - 2 scrolls of magic mapping {unknown}
 B - 3 scrolls of fog
 F - 2 scrolls of remove curse
Potions
 b - a potion of berserk rage {unknown}
 d - a potion of might (quivered)
 e - 3 potions of curing
 g - a potion of haste
 h - a potion of invisibility
 k - a potion of flight {unknown}
 p - a potion of mutation {unknown}
 t - 2 potions of ambrosia {unknown}
 w - 2 potions of brilliance
 C - a potion of heal wounds {unknown}
 E - a potion of lignification {unknown}
Comestibles
 f - 16 rations
 H - a chunk of flesh


   Skills:
 + Level 7.4 Fighting
   Level 4.9 Maces & Flails
 * Level 11.4 Polearms
 + Level 7.8 Armour
 + Level 7.7 Shields
 + Level 0.3 Invocations


You had 8 spell levels left.
You didn't know any spells.
Your spell library contained the following spells:

 Spells                   Type           Power        Failure   Level  Hunger
 Magic Dart               Conj           #...         89%         1    ##.....
 Shock                    Conj/Air       #...         89%         1    ##.....
 Searing Ray              Conj           #.....       96%         2    ###....
 Swiftness                Chrm/Air       #.......     96%         2    ###....
 Dazzling Spray           Conj/Hex       #.....       99%         3    ####...
 Static Discharge         Conj/Air       #.......     99%         3    ####...
 Airstrike                Air            #.........   100%        4    #####..
 Force Lance              Conj/Tloc      #.......     100%        4    #####..
 Fulminant Prism          Conj/Hex       #.........   100%        4    #####..
 Iskenderun's Mystic Bla  Conj           #.......     100%        4    #####..
 Lightning Bolt           Conj/Air       #.........   100%        5    ######.


Dungeon Overview and Level Annotations

Branches:
Dungeon (8/15)             Temple (1/1) D:4           Sewer (visited)
   Lair: D:8-11

Altars:
Ashenzari
Cheibriados
Dithmenos
Elyvilon
Hepliaklqana
Kikubaaqudgha
Nemelex Xobeh
Okawaru
Qazlal
Ru
Sif Muna
Trog
Uskayaw
Vehumet
Wu Jian
Xom
Yredelemnul
Zin
The Shining One


Innate Abilities, Weirdness & Mutations

You reflexively headbutt those who attack you in melee.
You have a pair of horns on your head.


Message History

The hornet is severely wounded.
You feel sick.
The hornet stings you but does no damage.
You hit the hornet. You burn the hornet.
The hornet is almost dead.
You feel sick. You block the hornet's attack.
You hit the hornet. You burn the hornet. Your headbutt misses the hornet.
The hornet is almost dead.
The hornet stings you but does no damage.
You hit the hornet but do no damage.
The hornet is almost dead.
You feel sick. The hornet stings you.
You suddenly lose the ability to move!
The hornet stings you!
* * * LOW HITPOINT WARNING * * *
You feel as though you will be slow longer.
You feel sick. The hornet stings you!
* * * LOW HITPOINT WARNING * * *
You feel as though you will be slow longer.
You feel sick. The hornet stings you!
You die...

#.##...#.#....[.....#
#.###..#.#.......####
#........#.).....#
#........###.....# ##
#........# #.....#
.#######........# #.....#
.##....#........# #.....#
.##....#........###.######
.##....#.^.....>@y)........
.##....#.......####.[......
.#.......#.##### #........
.....#####.# #......%.
.....# #.# #g....... .....#
#.# ...###### .....# #.#
...# .....##### ..#
.........+


You could see a hornet.

Vanquished Creatures
  A two-headed ogre (D:8)
  Sigmund (D:2)
  A hungry ghost (D:8)
  2 sky beasts
  Purgy (Sewer)
  A necrophage (D:6)
  A phantom (D:8)
  A hornet zombie (D:7)
  2 ogres (D:4)
  A centaur (D:5)
  A big kobold (Sewer)
  A bullfrog (D:8)
  A wyvern skeleton (D:8)
  4 scorpions
  8 killer bees (D:7)
  4 wights (D:8)
  3 howler monkeys
  A vampire bat (D:3)
  3 crimson imps
  A centaur zombie (D:8)
  3 hounds
  6 orc wizards
  2 jellies (D:5)
  4 iguanas
  4 worker ants
  A hound skeleton (D:5)
  18 gnolls
  9 adders
  A river rat (D:5)
  2 adder zombies
  2 adder skeletons
  4 worms
  2 dart slugs
  4 leopard geckos
  11 orcs
  14 bats
  11 giant cockroaches
  9 goblins
  7 hobgoblins
  6 jackals
  4 quokkas
  A ball python (D:1)
  8 frilled lizards
  A jackal skeleton (D:5)
  A jackal zombie (D:6)
  10 kobolds
  A quokka skeleton (D:8)
  A quokka zombie (D:8)
  10 rats
196 creatures vanquished.

Notes
Turn   | Place    | Note
-------+----------+-------------------------------------------
     0 | D:1      | Eglamore the Minotaur Fighter began the quest for the Orb.
     0 | D:1      | Reached XP level 1. HP: 19/19 MP: 0/0
   129 | D:1      | Reached XP level 2. HP: 27/27 MP: 1/1
   721 | D:2      | Noticed a crimson imp
   727 | D:2      | Killed a crimson imp
   727 | D:2      | Reached XP level 3. HP: 31/33 MP: 2/2
   897 | D:2      | Reached XP level 4. HP: 37/40 MP: 3/3
  1058 | D:2      | Found a faded altar of an unknown god.
  1094 | D:2      | Noticed Sigmund
  1105 | D:2      | Killed Sigmund
  1105 | D:2      | Reached XP level 5. HP: 17/47 MP: 4/4
  1107 | D:2      | Reached skill level 5 in Shields
  1479 | D:3      | HP: 1/47 [gnoll/+0 flail (7)]
  2007 | D:3      | Reached XP level 6. HP: 51/53 MP: 5/5
  2025 | D:3      | Reached skill level 5 in Armour
  2117 | D:3      | Reached skill level 1 in Polearms
  2397 | D:3      | Reached skill level 5 in Fighting
  2605 | D:3      | Reached skill level 2 in Polearms
  2685 | D:4      | Reached skill level 3 in Polearms
  2685 | D:4      | Reached XP level 7. HP: 42/61 MP: 6/6
  2853 | D:4      | Found a staircase to the Ecumenical Temple.
  2864 | Temple   | Entered the Ecumenical Temple
  2919 | Temple   | Became a worshipper of Warmaster Okawaru
  3179 | D:4      | Reached skill level 4 in Polearms
  3388 | D:4      | You fall into a shaft and drop 2 floors!
  3438 | D:6      | Found a shimmering altar of Xom.
  3493 | D:6      | Reached * piety under Okawaru
  3493 | D:6      | Reached skill level 5 in Polearms
  3763 | D:6      | Reached XP level 8. HP: 64/68 MP: 7/7
  4187 | D:5      | Entered Level 5 of the Dungeon
  4243 | D:5      | Reached skill level 6 in Polearms
  4264 | D:5      | Found a shattered altar of Ashenzari.
  4499 | D:5      | Found a glowing drain.
  4503 | Sewer    | Entered a sewer
  4573 | Sewer    | Noticed Purgy
  4585 | Sewer    | Killed Purgy
  4614 | Sewer    | Reached skill level 7 in Polearms
  5229 | D:5      | Found a shimmering blue altar of Sif Muna.
  5231 | D:5      | Reached skill level 8 in Polearms
  5529 | D:6      | Reached ** piety under Okawaru
  5674 | D:7      | Found a basalt altar of Yredelemnul.
  5674 | D:7      | Found a glowing silver altar of Zin.
  6026 | D:7      | Found a sacrificial altar of Ru.
  6060 | D:7      | Reached XP level 9. HP: 76/76 MP: 8/8
  6086 | D:7      | Reached skill level 9 in Polearms
  6842 | D:8      | Noticed a two-headed ogre
  6855 | D:8      | Killed a two-headed ogre
  6855 | D:8      | Reached *** piety under Okawaru
  6855 | D:8      | Reached skill level 10 in Polearms
  6945 | D:8      | Found a white marble altar of Elyvilon.
  7130 | D:8      | Reached skill level 11 in Polearms
  7154 | D:8      | Got a pair of dazzling boots
  7213 | D:8      | Identified the +2 pair of boots "Maemimp" {rCorr} (You
                  | found it on level 8 of the Dungeon)
  7273 | D:8      | Paralysed by a hornet for 1 turns
  7279 | D:8      | Paralysed by a hornet for 2 turns
  7281 | D:8      | Slain by a hornet

Levels and vault maps discovered:
D:1:      wander_arrival_lonely_grave, layout_basic, minmay_heptomino_o4
D:2:      layout_basic, chequers_ecumenical_altar_simple_redux, first_ration,
          uniq_sigmund
D:3:      layout_basic, minmay_misc_feat_enclosed, roderic_batcave,
          chequers_decorated_corner
D:4:      layout_gridville, minmay_temple_entry_junction_2
D:5:      layout_cave_pods, overflow_temple_1_default, gup_sewer_entry_spiral,
          led_sif_book
D:6:      layout_basic, xom_butterflies, minivault_1,
          minmay_misc_feat_more_columns, minmay_misc_feat_iff,
          hangedman_abyss_or_decor_stagger
D:7:      layout_basic, grunt_temple_overflow_open
D:8:      layout_basic, lemuel_crystal_altar,
          nicolae_gozag_cash_rules_everything_around_me
Temple:   dshaligram_water_room_temple

Skill      XL: |  1  2  3  4  5  6  7  8  9 |
---------------+----------------------------+-----
Shields        | 4 5 6 7 |  7.7
Armour         | 4 5 6 7 |  7.8
Fighting       | 4 5 6 7 |  7.4
Maces & Flails | 3 4 |  4.9
Polearms       | 3 5 8 11 | 11.4
Invocations    | |  0.3

Action                   |  1- 3 |  4- 6 |  7- 9 || total
-------------------------+-------+-------+-------++-------
Melee: Flail             |    56 |       |       ||    56
       Headbutt          |     5 |    13 |    66 ||    84
       Whip              |    16 |    36 |       ||    52
       Spear             |       |    99 |   472 ||   571
Invok: Heroism           |       |       |     3 ||     3
  Use: Scroll            |     5 |       |     7 ||    12
       Potion            |       |       |     1 ||     1
  Eat: Chunk             |       |     6 |    13 ||    19
       Ration            |       |       |     1 ||     1
Armor: Scale mail        |    31 |    27 |    15 ||    73
       Ring mail         |       |       |    53 ||    53
Dodge: Dodged            |    14 |    39 |    81 ||   134
Block: Shield            |    32 |    60 |   118 ||   210
